 Dungeon Crawl Stone Soup version 0.31-a0-981-geadf994542 (webtiles) character file.

Game seed: 11905181633341118577

1266 demibob the Twirler (level 8, -1/44 (45) HPs)
             Began as a Deep Elf Chaos Knight on Nov 2, 2023.
             Was a Plaything of Xom.
             Slain by Pikel the raiju (4 damage)
             ... on level 6 of the Dungeon.
             The game lasted 00:09:08 (5654 turns).

demibob the Twirler (Deep Elf Chaos Knight)         Turns: 5654, Time: 00:09:09

HP:   -1/44 (45)    AC:  7    Str:  9    XL:     8   Next: 27%
MP:   13/13         EV: 12    Int: 20    God:    Xom [*.....]
Gold: 307           SH:  0    Dex: 14    Spells: 8/11 levels left

rFire   . . .        a - +0 quarterstaff
rCold   . . .        (shield currently unavailable)
rNeg    . . .        b - +3 leather armour
rPois   +            (no helmet)
rElec   .            (no cloak)
rCorr   .            h - +0 pair of gloves
SInv    .            (no boots)
Will    +....        k - amulet of magic regeneration
Stlth   +            P - ring of poison resistance
HPRegen 0.27/turn    Z - ring of wizardry
MPRegen 0.53/turn

%: wizardry (x1)
@: confused, mighty, brilliant, ambrosia-drunk, attractive, lightly drained
A: strong-willed 1, wild magic 1, MP-powered wands
a: Renounce Religion


You were on level 6 of the Dungeon.
You worshipped Xom.
You were a special plaything of Xom.
You visited 1 branch of the dungeon, and saw 6 of its levels.

You collected 307 gold pieces.


Innate Abilities, Weirdness & Mutations

You are strong-willed. (Will+)
Your spells are a little harder to cast, but a little more powerful.
You expend magic power (3 MP) to strengthen your wands.


   Skills:
 - Level 2.4 Fighting
 - Level 4.5(5.6) Polearms
 + Level 6.7(7.8) Staves
 - Level 0.7 Armour
 - Level 2.4 Dodging
 + Level 2.2 Spellcasting
 + Level 5.3 Necromancy


You had 8 spell levels left.
You knew the following spells:

 Your Spells              Type           Power      Damage    Failure   Level
v - Vampiric Draining     Necr           45%        2d9       4%          3

Your spell library contained the following spells:

 Spells                   Type           Power      Damage    Failure   Level
 Necrotise                Necr           100%       1d9       1%          1
 Blink                    Tloc           8%         N/A       17%         2
 Lesser Beckoning         Tloc           8%         N/A       17%         2
 Momentum Strike          Conj/Tloc      8%         3d8       17%         2
 Agony                    Necr           45%        N/A       32%         5
 Summon Forest            Summ/Tloc      2%         N/A       93%         5
 Summon Mana Viper        Hex/Summ       4%         N/A       93%         5
 Summon Cactus Giant      Summ           2%         N/A       100%        6

Inventory:

Hand Weapons
 a - a +0 quarterstaff (weapon)
 l - a +1 spear of chaos
Armour
 b - a +3 leather armour (worn)
 h - a +0 pair of gloves (worn)
Jewellery
 k - an amulet of magic regeneration (around neck)
 P - a ring of poison resistance (left hand)
 Z - a ring of wizardry (right hand)
Wands
 c - a wand of digging (4)
Scrolls
 d - 5 scrolls of teleportation {@r2}
 m - a scroll of fog {unknown}
Potions
 g - a potion of magic
 j - a potion of curing {@q1}

Dungeon Overview and Level Annotations

Branches:
Dungeon (6/15)
 Temple: D:4-7

Altars:
Fedhas

Annotations:
D:6 2 transporters, Pikel

... .## ...... .?...# ###.#..
..... .5l ▒ #5# ▒▓.. #@# ░...#
#h# ####### ▒▒▒...# ###.###
#...... ▒.....### #.....#
#.##### ▒.......#### #.#.#.#
###.#####
▒....#.##.###.#.#.######.......#
▒...#.#.#.##.#........>.....#.#
^
▓......###.....).######.#.....#
#.▒▒..##..#.##.....# #.#......


You could see Pikel the raiju, 2 lemures and an iguana.


Message History

The lemure hits you but does no damage. Pikel bites you.
* * * LOW HITPOINT WARNING * * *
Pikel shocks you!
* * * LOW HITPOINT WARNING * * *
It was a potion of ambrosia.
You are confused.
You feel invigorated.
Xom thinks this is hilarious!
The lemure misses you. Pikel barely misses you.
You barely miss Pikel.
Pikel is moderately wounded.
Pikel bites you.
* * * LOW HITPOINT WARNING * * *
Pikel shocks you!
* * * LOW HITPOINT WARNING * * *
The lemure completely misses you.
You bump into the rock wall.
The lemure barely misses you. Pikel misses you.
You bump into the rock wall.
The lemure closely misses you. Pikel bites you.
* * * LOW HITPOINT WARNING * * *
Pikel shocks you!
* * * LOW HITPOINT WARNING * * *
You bump into the rock wall.
The lemure closely misses you. Pikel bites you.
* * * LOW HITPOINT WARNING * * *
Pikel shocks you!
* * * LOW HITPOINT WARNING * * *
You bump into the rock wall.
The lemure hits you.
* * * LOW HITPOINT WARNING * * *
Pikel bites you.
You die...
Xom cackles wildly!

Skill      XL: |  1  2  3  4  5  6  7  8 |
---------------+-------------------------+-----
Polearms       | 3 4 |  4.5
Staves         | 2 5 6 |  6.7
Necromancy     | 1 4 5 |  5.3
Spellcasting   | 2 |  2.2
Fighting       | |  2.4
Armour         | |  0.7
Dodging        | |  2.4

Action                     |  1- 3 |  4- 6 |  7- 9 || total
---------------------------+-------+-------+-------++-------
  Melee: Spear             |   143 |   112 |       ||   255
         Punch             |       |     1 |       ||     1
         Quarterstaff      |       |    73 |   165 ||   238
   Cast: Vampiric Draining |       |     3 |     6 ||     9
    Use: Scroll            |     6 |     4 |       ||    10
         Potion            |       |     6 |     4 ||    10
   Stab: Sleeping          |     4 |     2 |     1 ||     7
         Petrifying        |     1 |       |       ||     1
         Petrified         |     1 |       |       ||     1
         Invisible         |       |     2 |     5 ||     7
         Confused          |       |       |     1 ||     1
 Armour: Leather armour    |    61 |    82 |   102 ||   245
         Skin              |       |    58 |       ||    58
  Dodge: Dodged            |    70 |    72 |    97 ||   239

Levels and vault maps discovered:
D:1:      dpeg_arrival_orchard, layout_basic
D:2:      layout_loops_ring, dreamdust_ecumenical_altar_grove, serial_forest,
          infiniplex_forest_lined_4_way, infiniplex_forest_end_2,
          infiniplex_forest_clump_tiny, infiniplex_forest_straight_2,
          infiniplex_forest_straight_3, infiniplex_forest_zigzag_2,
          minmay_misc_feat_hallway, minmay_misc_feat_iff, grunt_ministairs_15
D:3:      layout_loops_ring
D:4:      minmay_chambers_of_threes, layout_gridville
D:5:      layout_basic, lemuel_round_altar
D:6:      layout_loops_corners, mainiacjoe_overflow_paths,
          gammafunk_ghost_abyssal_escape, grunt_ministairs_4, uniq_pikel

Notes
Turn   | Place    | Note
-------+----------+-------------------------------------------
     0 | D:1      | demibob the Deep Elf Chaos Knight began the quest for the
                  | Orb.
     0 | D:1      | Reached XP level 1. HP: 13/13 MP: 3/3
   128 | D:1      | Reached XP level 2. HP: 18/18 MP: 4/4
   162 | D:1      | Reached skill level 3 in Polearms
   386 | D:1      | XOM: noise
   416 | D:1      | XOM: divination: detect items
   525 | D:2      | Reached XP level 3. HP: 19/22 MP: 5/5
   583 | D:2      | Found a faded altar of an unknown god.
   684 | D:2      | XOM: silly message
   706 | D:2      | XOM: silly message
  1427 | D:3      | XOM: 8-stop teleportation journey
  1568 | D:3      | Reached XP level 4. HP: 27/27 MP: 6/6
  1743 | D:3      | XOM: god gift: puce potion {god gift}
  1887 | D:3      | Learned a level 3 spell: Vampiric Draining
  2056 | D:4      | Noticed a scorpion
  2066 | D:4      | a scorpion changed into a swamp drake
  2066 | D:4      | Noticed a swamp drake
  2080 | D:4      | Killed a swamp drake
  2081 | D:4      | Reached skill level 4 in Polearms
  2081 | D:4      | Reached XP level 5. HP: 31/31 MP: 7/7
  2326 | D:4      | Noticed an ice beast
  2337 | D:4      | an ice beast changed into a shapeshifter
  2337 | D:4      | Noticed a shapeshifter (shapeshifter)
  2337 | D:4      | a shapeshifter changed into a hornet
  2337 | D:4      | Noticed a hornet (shapeshifter)
  2339 | D:4      | a hornet changed into an entropy weaver
  2339 | D:4      | Noticed an entropy weaver (shapeshifter)
  2341 | D:4      | XOM: potion effect (heal wounds)
  2352 | D:4      | an entropy weaver changed into a naga
  2352 | D:4      | Noticed a naga (shapeshifter)
  2357 | D:4      | a naga changed into a bullfrog
  2413 | D:4      | Reached skill level 1 in Staves
  2517 | D:4      | Reached skill level 2 in Staves
  2735 | D:5      | Entered Level 5 of the Dungeon
  2798 | D:5      | Reached XP level 6. HP: 7/36 MP: 8/8
  2805 | D:5      | Reached skill level 3 in Staves
  3163 | D:5      | Reached skill level 4 in Staves
  3235 | D:5      | Found a blossoming altar of Fedhas.
  3254 | D:5      | XOM: butterfly on damage
  3304 | D:5      | XOM: god gift: club {god gift}
  3680 | D:5      | HP: 1/36 [ogre/+0 giant club (20)]
  3683 | D:5      | Reached skill level 5 in Staves
  3683 | D:5      | Reached skill level 1 in Necromancy
  3683 | D:5      | Reached XP level 7. HP: 2/40 MP: 5/9
  3851 | D:5      | XOM: cloud trail
  4022 | D:5      | Reached skill level 2 in Necromancy
  4342 | D:5      | XOM: noise
  4449 | D:6      | HP: 2/40 [white imp/puff of frost (11)]
  4451 | D:6      | Reached skill level 3 in Necromancy
  4633 | D:6      | Found a transporter.
  4734 | D:6      | XOM: confuse monster(s)
  4774 | D:6      | XOM: confuse monster(s)
  4785 | D:6      | Reached skill level 6 in Staves
  4785 | D:6      | Reached skill level 4 in Necromancy
  4943 | D:6      | Found a transporter.
  4950 | D:6      | Noticed Pikel
  4952 | D:6      | XOM: 3-stop teleportation journey
  4968 | D:6      | XOM: silly message
  4979 | D:6      | Reached XP level 8. HP: 10/45 MP: 10/10
  5280 | D:6      | XOM: potion effect (invisibility)
  5287 | D:6      | Reached skill level 1 in Spellcasting
  5287 | D:6      | Reached skill level 5 in Necromancy
  5374 | D:6      | Reached skill level 2 in Spellcasting
  5433 | D:6      | XOM: 6-stop teleportation journey
  5593 | D:6      | XOM: give mutations
  5593 | D:6      | Gained mutation: You are strong-willed. (Will+) [Xom's
                  | grace]
  5593 | D:6      | Gained mutation: Your spells are a little harder to cast,
                  | but a little more powerful. [Xom's grace]
  5593 | D:6      | Gained mutation: You expend magic power (3 MP) to
                  | strengthen your wands. [Xom's grace]
  5641 | D:6      | XOM: divine lightning
  5644 | D:6      | Pikel changed into Pikel the raiju
  5644 | D:6      | Noticed Pikel
  5644 | D:6      | XOM: polymorph Pikel -> Pikel the raiju
  5653 | D:6      | HP: 2/44 [Pikel the raiju (7)]
  5654 | D:6      | Slain by Pikel the raiju

Vanquished Creatures
  A swamp drake (D:4)
  2 ogres
  A black bear (D:6)
  A phantom (D:6)
  2 bullfrogs (D:6)
  A scorpion (D:5)
  3 wights (D:6)
  A howler monkey (D:5)
  3 hounds
  An orc priest (D:5)
  4 iguanas
  3 orc wizards
  A gnoll (D:1)
  5 adders
  3 white imps
  3 worms
  A dart slug (D:1)
  13 orcs
  6 endoplasms
  A giant cockroach (shapeshifter) (D:4)
  3 giant cockroaches
  7 goblins
  3 hobgoblins
  4 jackals
  2 quokkas (D:3)
  10 ball pythons
  4 bats
  A frilled lizard (D:1)
  3 kobolds
93 creatures vanquished.

Vanquished Creatures (others)
  2 lemures (D:6)
2 creatures vanquished.

Grand Total: 95 creatures vanquished

Table legend: (Time is in decaauts)
 A = Elapsed time spent in this place.
 B = Non-inter-level travel time spent in this place.
 C = Inter-level travel time spent in this place.
 D = Time resting spent in this place.
 E = Time spent auto-exploring this place.
 F = Levels seen in this place.
 G = Mean time per level.
                   A        B        C        D        E       F      G
               +--------+--------+--------+--------+--------+-----+--------+
         Total |   5620 |   5499 |    121 |    233 |   4396 |   6 |  936.7 |
       Dungeon |   5620 |   5499 |    121 |    233 |   4396 |   6 |  936.7 |
               +--------+--------+--------+--------+--------+-----+--------+

Top non-repeatable levels by time:
     D:5: 1685 daAuts
     D:6: 1218 daAuts
     D:4: 823 daAuts
     D:2: 761 daAuts
     D:3: 675 daAuts
     D:1: 455 daAuts

Table legend:
 A = Non-vault XP
 B = Vault XP
 C = Vault XP percentage of total XP
 D = Non-vault monster count
 E = Vault monster count
 F = Vault count percentage of total count
                 A         B        C        D         E       F
            +---------+---------+-------+---------+---------+-------
      Total |    1643 |     166 |   9.2 |      77 |      16 |  17.2
            +---------+---------+-------+---------+---------+-------
        D:1 |      37 |       0 |   0.0 |      14 |       0 |   0.0
        D:2 |      21 |       3 |  12.5 |       9 |       2 |  18.2
        D:3 |      40 |       0 |   0.0 |      14 |       0 |   0.0
        D:4 |     157 |      60 |  27.6 |       7 |      12 |  63.2
        D:5 |     622 |       0 |   0.0 |      16 |       0 |   0.0
        D:6 |     766 |     103 |  11.9 |      17 |       2 |  10.5
            +---------+---------+-------+---------+---------+-------
